 Dungeon Crawl Stone Soup version 0.21-a0-552-g593960d (webtiles) character file.

27 slep the Chopper (level 2, 0/22 HPs)
             Began as a Demonspawn Gladiator on Dec 18, 2017.
             Slain by a goblin (4 damage)
             ... on level 1 of the Dungeon.
             The game lasted 00:01:21 (334 turns).

slep the Chopper (Demonspawn Gladiator)              Turns: 334, Time: 00:01:22

Health: 0/22       AC:  4    Str: 14    XL:     2   Next: 93%
Magic:  2/2        EV: 13    Int:  9    God:
Gold:   34         SH:  0    Dex: 14    Spells: 1/1 levels left

rFire    . . .     SeeInvis .   a - +0 war axe
rCold    . . .     Gourm    .   (no shield)
rNeg     . . .     Faith    .   b - +0 leather armour
rPois    .         Spirit   .   c - +0 helmet
rElec    .         Reflect  .   (no cloak)
rCorr    .         Harm     .   (no gloves)
MR       .....                  (no boots)
Stlth    +.........             (no amulet)
HPRegen  0.07/turn              (no ring)
MPRegen  0.08/turn              (no ring)

@: no status effects
A: rot immunity
a: no special abilities


You were on level 1 of the Dungeon.
You were not hungry.

You visited 1 branch of the dungeon, and saw 1 of its levels.

You collected 34 gold pieces.

Inventory:

Hand Weapons
 a - a +0 war axe (weapon)
Missiles
 d - 3 throwing nets (quivered)
 j - 20 sling bullets
Armour
 b - a +0 leather armour (worn)
 c - a +0 helmet (worn)
Scrolls
 h - a scroll of identify {unknown}
 i - 2 scrolls of magic mapping {unknown}
Potions
 e - a potion of might {unknown}
 g - a potion of agility {unknown}
Comestibles
 f - a bread ration
 k - a royal jelly


   Skills:
 + Level 2.1 Fighting
 + Level 3.2 Axes
 + Level 1.7 Throwing
 + Level 0.2 Armour
 + Level 3.1 Dodging
 + Level 0.1 Stealth


You had one spell level left.
You didn't know any spells.

Dungeon Overview and Level Annotations

Branches:
Dungeon (1/15)

Altars:


Innate Abilities, Weirdness & Mutations

You are immune to rotting.


Message History

* * * LOW HITPOINT WARNING * * *
The hobgoblin hits you but does no damage.
A goblin comes into view.
The goblin shouts!
You hit the kobold.
You kill the kobold!
You barely miss the hobgoblin. The hobgoblin hits you with a club.
* * * LOW HITPOINT WARNING * * *
You hit the hobgoblin but do no damage. The hobgoblin misses you.
You closely miss the hobgoblin. You barely miss the goblin.
The hobgoblin completely misses you. The goblin hits you but does no damage.
The hobgoblin hits you but does no damage.
You slash the hobgoblin!
You kill the hobgoblin!
You barely miss the goblin. The goblin barely misses you. x2
You closely miss the goblin. The goblin closely misses you.
You closely miss the goblin. The goblin completely misses you.
You closely miss the goblin. The goblin closely misses you.
The goblin hits you.
You die...

#......# #.#.###..#####
#..........#..........#
#......#########.######
#.####... #......## ..#
#.### #.###...# ### .#
# #. #...#
.###.#.###...#
......g....###
...##)@#### # #.)...# #
#.###.# # #. # # .. ##.
##


You could see a goblin.

Vanquished Creatures
  2 oozes (D:1)
  A leopard gecko (D:1)
  2 bats (D:1)
  A giant cockroach (D:1)
  5 hobgoblins (D:1)
  A kobold (D:1)
  2 frilled lizards (D:1)
  A goblin (D:1)
  2 rats (D:1)
17 creatures vanquished.

Notes
Turn   | Place    | Note
-------+----------+-------------------------------------------
     0 | D:1      | slep the Demonspawn Gladiator began the quest for the Orb.
     0 | D:1      | Reached XP level 1. HP: 16/16 MP: 1/1
   116 | D:1      | Gained mutation: You are immune to rotting. [demonic ancestry]
   116 | D:1      | Reached XP level 2. HP: 13/22 MP: 2/2
   334 | D:1      | Slain by a goblin

Vault maps used:
D:1:      dpeg_arrival_ratfight, minmay_misc_feat_cross

Skill      XL: |  1  2 |
---------------+-------+-----
Dodging        | 3 |  3.1
Axes           | 3 |  3.2
Fighting       | |  2.1
Throwing       | |  1.7
Armour         | |  0.2
Stealth        | |  0.1

Action                   || total
-------------------------++-------
Melee: War axe           ||    49
 Stab: Sleeping          ||     1
Armor: Leather armour    ||    13
Dodge: Dodged            ||    36

Table legend:
 A = Spawn XP
 B = Non-spawn XP
 C = Spawn XP percentage of total XP
 D = Spawn monster count
 E = Non-spawn monster count
 F = Spawn count percentage of total count
 G = Total turns spent on level
                    A         B        C        D         E        F      G
               +---------+---------+-------+---------+---------+-------+---------
         Total |       0 |      39 |   0.0 |       0 |      17 |   0.0 |   334
               +---------+---------+-------+---------+---------+-------+---------
           D:1 |       0 |      39 |   0.0 |       0 |      17 |   0.0 |   334
               +---------+---------+-------+---------+---------+-------+---------
